 Dungeon Crawl Stone Soup version 0.19-a0-1888-g6ba2374 (webtiles) character file.

359 Naow the Chopper (level 6, 0/47 HPs)
             Began as a Formicid Fighter on Oct 17, 2016.
             Slain by a hobgoblin (5 damage)
             ... led by Robin
             ... on level 3 of the Dungeon.
             The game lasted 00:03:30 (2062 turns).

Naow the Chopper (Formicid Fighter)                 Turns: 2062, Time: 00:03:31

Health: 0/47       AC:  6    Str: 27    XL:     6   Next: 98%
Magic:  6/6        EV:  8    Int:  8    God:
Gold:   152        SH: 10    Dex: 10    Spells: 0 memorised, 5 levels left

rFire  . . .     SeeInvis +     a - +0 war axe
rCold  . . .     Gourm    .     b - +0 scale mail
rNeg   . . .     Faith    .     c - +0 shield
rPois  .         Spirit   .     (helmet unavailable)
rElec  .         Dismiss  .     (no cloak)
rCorr  .         Reflect  .     (no gloves)
MR     .....     Harm     .     (no boots)
Stlth  ..........               (no amulet)
                                (no ring)
                                (no ring)

@: mighty
A: permanent stasis, dig shafts and tunnels, four strong arms, antennae 3
a: Dig, Shaft Self


You were on level 3 of the Dungeon.
You were not hungry.

You visited 1 branch of the dungeon, and saw 3 of its levels.

You collected 152 gold pieces.

Inventory:

Hand Weapons
 a - a +0 war axe (weapon)
Armour
 b - a +0 scale mail (worn)
 c - a +0 shield (worn)
Wands
 u - a wand of flame (21/48)
Scrolls
 e - a scroll of teleportation {unknown}
 k - 4 scrolls of identify {unknown}
 l - a scroll of blinking {unknown}
 m - a scroll of enchant armour {unknown}
 o - a scroll of fog {unknown}
 s - 2 scrolls of amnesia {unknown}
 t - a scroll of fear {unknown}
 v - a scroll of recharging {unknown}
Potions
 g - 4 potions of curing
 i - a potion of flight {unknown}
 j - 2 potions of berserk rage {unknown}
 n - a potion of resistance {unknown}
 p - a potion of cure mutation {unknown}
 q - 2 potions of mutation {unknown}
Comestibles
 f - 2 bread rations
 h - 15 chunks of flesh
 r - 2 meat rations


   Skills:
 - Level 3.2 Fighting
 + Level 6.8 Axes
 - Level 3.3 Armour
 - Level 3.6 Shields


You had 5 spell levels left.
You didn't know any spells.

Dungeon Overview and Level Annotations

Branches:
Dungeon (3/15)

Altars:
Cheibriados

Annotations:
D:3 Robin


Innate Abilities, Weirdness & Mutations

You are under a permanent stasis effect.
You can dig through walls and to a lower floor.
Your four strong arms can wield two-handed weapons with a shield.
You have a pair of large antennae on your head. (SInv)


Message History

The hobgoblin hits you but does no damage.
You barely miss the hobgoblin. You miss the goblin. You hit the goblin.
You kill the goblin!
The goblin hits you but does no damage. You block Robin's attack.
The hobgoblin barely misses you. The goblin barely misses you.
Robin barely misses you.
You barely miss the hobgoblin.
Your scale mail prevents you from hitting the goblin.
The hobgoblin barely misses you. The goblin closely misses you.
Robin hits you from afar with a spear.
* * * LOW HITPOINT WARNING * * *
You barely miss the hobgoblin. You hit the goblin.
You kill the goblin!
The hobgoblin hits you but does no damage.
Robin hits you from afar with a spear.
* * * LOW HITPOINT WARNING * * *
Your shield and scale mail prevent you from hitting the hobgoblin.
The hobgoblin completely misses you. Robin hits you but does no damage.
The hobgoblin hits you.
You die...

.....# .....# ...
..>..# <.. .....#
..# .....# #.#
.....# # ###.## ###
##'### #.#..)g ..#
#.######
#...)g####.#
#......# #.)@)..#.#
#.####.###
##).##.#.# ###
#...# ##$....#.###
###.#.............#
#...#####.#.#.#(###
#.### #.#......#
#.# #.###..#.#
#.##### #........#
#.....# #......###


You could see Robin and a hobgoblin.

Vanquished Creatures
  Purgy (D:3)
  The ghost of Enish the Chucker, an amateur CeAK of Lugonu (D:3)
  A hound (D:3)
  Jessica (D:3)
  An orc wizard (D:3)
  An ooze (D:2)
  A worm (D:3)
  3 dart slugs (D:3)
  3 leopard geckos
  7 orcs (D:3)
  2 giant cockroaches
  16 goblins
  12 hobgoblins
  6 jackals
  4 kobolds
  A ball python (D:2)
  5 bats
  6 frilled lizards
  2 rats (D:1)
74 creatures vanquished.

Notes
Turn   | Place    | Note
-------+----------+-------------------------------------------
     0 | D:1      | Naow the Formicid Fighter began the quest for the Orb.
     0 | D:1      | Reached XP level 1. HP: 18/18 MP: 1/1
    36 | D:1      | Reached XP level 2. HP: 11/24 MP: 2/2
   326 | D:1      | Reached skill level 3 in Axes
   571 | D:1      | Reached XP level 3. HP: 29/29 MP: 3/3
   990 | D:2      | Found a snail-covered altar of Cheibriados.
  1278 | D:2      | Reached XP level 4. HP: 32/35 MP: 4/4
  1456 | D:3      | Noticed Jessica
  1456 | D:3      | Noticed Purgy
  1467 | D:3      | Killed Purgy
  1467 | D:3      | Reached skill level 5 in Axes
  1467 | D:3      | Reached XP level 5. HP: 11/41 MP: 5/5
  1472 | D:3      | Killed Jessica
  1917 | D:3      | Reached XP level 6. HP: 38/47 MP: 6/6
  1971 | D:3      | Noticed Enish's ghost (amateur CeAK)
  1989 | D:3      | Killed Enish's ghost
  1989 | D:3      | Reached skill level 6 in Axes
  2047 | D:3      | Noticed Robin
  2062 | D:3      | Slain by a hobgoblin

Vault maps used:
D:1:      lemuel_arrival_room
D:2:      cheibriados_altar_1
D:3:      uniq_jessica, uniq_robin, uniq_purgy

Skill      XL: |  1  2  3  4  5  6 |
---------------+-------------------+-----
Axes           | 3 5 6 |  6.8
Fighting       | |  3.2
Armour         | |  3.3
Shields        | |  3.6

Action                   |  1- 3 |  4- 6 || total
-------------------------+-------+-------++-------
Melee: War axe           |    96 |    86 ||   182
  Use: Potion            |       |     4 ||     4
  Eat: Chunk             |     1 |     3 ||     4
Armor: Scale mail        |    44 |    48 ||    92
Dodge: Dodged            |    29 |    43 ||    72
Block: Shield            |    51 |    63 ||   114
